 Dungeon Crawl Stone Soup version 0.28-a0-1555-g9ae15a6949 (webtiles) character file.

Game seed: 17604308838537632042

9 psuckher the Sneak (level 2, -3/25 HPs)
             Began as a Barachi Delver on Jan 18, 2022.
             Slain by an orc (6 damage)
             ... on level 5 of the Dungeon.
             The game lasted 00:00:40 (36 turns).

psuckher the Sneak (Barachi Delver)                   Turns: 36, Time: 00:00:41

Health: -3/25      AC:  3    Str: 13    XL:     2   Next: 12%
Magic:  2/2        EV: 12    Int: 10    God:
Gold:   0          SH:  0    Dex: 13    Spells: 1/1 levels left

rFire   . . .      SeeInvis .   a - +0 short sword
rCold   . . .      Faith    .   (no shield)
rNeg    . . .      Spirit   .   b - +0 leather armour
rPois   .          Reflect  .   (no helmet)
rElec   .          Harm     .   (no cloak)
rCorr   .          Rampage  .   (no gloves)
Will    .....                   (no boots)
Stlth   +++.......              (no amulet)
HPRegen 0.08/turn               (no ring)
MPRegen 0.08/turn               (no ring)

@: slow
A: amphibious, slowness 1, strong legs 1, +LOS
a: Hop


You were on level 5 of the Dungeon.
You visited 1 branch of the dungeon, and saw 1 of its levels.

Inventory:

Hand Weapons
 a - a +0 short sword (weapon)
Armour
 b - a +0 leather armour (worn)
Wands
 g - a wand of digging (3)
Scrolls
 c - a scroll of fog
 d - 2 scrolls of magic mapping
 e - a scroll of fear
Potions
 f - a potion of haste


   Skills:
 + Level 3.7 Fighting
 + Level 2.2 Short Blades
 + Level 2.2 Dodging
 + Level 4.8 Stealth


You had one spell level left.
You didn't know any spells.
Your spell library was empty.

Dungeon Overview and Level Annotations

Branches:
Dungeon (5/15)
 Temple: D:4-7

Altars:


Innate Abilities, Weirdness & Mutations

You are amphibious.
You cover ground slowly.
You can hop short distances.
You have an extended range of vision and can be seen from far away.


Message History

The adder bites you.
You hit the adder.
The adder is severely wounded.
The adder bites you.
You are poisoned.
The adder poisons you! The adder bites you.
You hit the adder.
You kill the adder!
You feel sick.
You have reached level 2!
You feel sick.
You feel sick.
You feel sick.
You feel sick.
You are no longer poisoned.
Found a robe.
An orc comes into view. It is wielding a +0 falchion.
The orc shouts!
Found 17 sling bullets.
A hound comes into view.
An ufetubus comes into view.
The orc misses you.
A wyvern zombie comes into view.
You barely miss the orc. The orc completely misses you.
You hit the orc but do no damage. The orc hits you with a +0 falchion.
You barely miss the orc. The orc closely misses you.
You barely miss the orc. The orc closely misses you.
You hit the orc.
The orc is moderately wounded.
The orc barely misses you.
You hit the orc but do no damage.
The orc is moderately wounded.
The orc hits you with a +0 falchion.
You hit the orc but do no damage.
The orc is moderately wounded.
The orc hits you with a +0 falchion.
* * * LOW HITPOINT WARNING * * *
You barely miss the orc.
The orc is lightly wounded.
The orc hits you with a +0 falchion.
You die...

. ....# #. ..(..
.##### .... .....
.... #...# #.. ..
#...# #5Z ... #...#
#h# ...###...# #o#
.........# #@##
......†..# #..#
...##....##### ##.#
.............####.#
...###...###....#.#
.#....#...#####...#
............>.....#
.#######<>.#####.....
#....# ##.####


You could see a hound, an orc, an ufetubus and a wyvern zombie.

Vanquished Creatures
  An adder (D:5)
1 creature vanquished.

Notes
Turn   | Place    | Note
-------+----------+-------------------------------------------
     0 | D:5      | psuckher the Barachi Delver began the quest for the Orb.
     0 | D:5      | Reached XP level 1. HP: 18/18 MP: 1/1
    14 | D:5      | Reached XP level 2. HP: 19/25 MP: 2/2
    36 | D:5      | Slain by an orc

Illustrated notes

Levels and vault maps discovered:
D:5:      layout_rooms, minmay_shop_mayhem, uniq_ijyb

Action                   || total
-------------------------++-------
Melee: Short sword       ||    13
Armor: Leather armour    ||     1
Dodge: Dodged            ||     7

Table legend: (Time is in decaauts)
 A = Elapsed time spent in this place.
 B = Non-inter-level travel time spent in this place.
 C = Inter-level travel time spent in this place.
 D = Time resting spent in this place.
 E = Time spent auto-exploring this place.
 F = Levels seen in this place.
 G = Mean time per level.
                   A        B        C        D        E       F      G
               +--------+--------+--------+--------+--------+-----+--------+
         Total |     40 |     40 |      0 |      0 |      0 |   1 |   40.0 |
       Dungeon |     40 |     40 |      0 |      0 |      0 |   1 |   40.0 |
               +--------+--------+--------+--------+--------+-----+--------+

Top non-repeatable levels by time:
     D:5: 40 daAuts
